 Dungeon Crawl Stone Soup version 0.29.1-15-g9cfb28693d (webtiles) character file.

Game seed: 9534021737991086819

5597 JacoesBerries the Thaumaturge (level 10, -5/53 HPs)
             Began as a Deep Elf Conjurer on Feb 9, 2023.
             Was a Follower of Vehumet.
             Slain by a troll (17 damage)
             ... on level 9 of the Dungeon on Aug 2, 2023.
             The game lasted 00:58:29 (13617 turns).

JacoesBerries the Thaumaturge (Deep Elf Conjurer)  Turns: 13617, Time: 00:58:29

Health: -5/53      AC:  5    Str:  6      XL:     10   Next: 45%
Magic:  3/27       EV: 14    Int: 21 (26) God:    Vehumet [*.....]
Gold:   1259       SH:  0    Dex: 13      Spells: 18/32 levels left

rFire   . . .      SeeInvis .   i - +5 short sword (venom)
rCold   . . .      Faith    .   (no shield)
rNeg    . . .      Spirit   .   r - +0 steam dragon scales
rPois   .          Reflect  .   (no helmet)
rElec   .          Harm     .   (no cloak)
rCorr   .          Rampage  .   (no gloves)
Will    +....                   (no boots)
Stlth   +++.......              q - amulet of regeneration
HPRegen 0.97/turn               (no ring)
MPRegen 0.20/turn               (no ring)

@: mighty, very slightly contaminated
A: no striking features
a: Renounce Religion


You were on level 9 of the Dungeon.
You worshipped Vehumet.
Vehumet was aware of your devotion.
You visited 2 branches of the dungeon, and saw 10 of its levels.

You collected 1319 gold pieces.
You spent 60 gold pieces at shops.

Inventory:

Hand Weapons
 b - a +0 dagger of electrocution
 i - a +5 short sword of venom (weapon)
 o - a +1 rapier of flaming
 p - a +1 dagger of speed
 y - a +2 war axe of draining
 C - a +1 short sword of holy wrath
Missiles
 e - 10 poisoned darts
 t - 4 boomerangs
 v - a curare-tipped dart (quivered)
Armour
 r - +0 steam dragon scales (worn)
Jewellery
 f - an amulet of magic regeneration
 j - an amulet of faith
 q - an amulet of regeneration (around neck)
 F - an amulet of magic regeneration
Wands
 n - a wand of mindburst (14)
 x - a wand of quicksilver (7)
Scrolls
 a - a scroll of silence
 k - a scroll of blinking {unknown}
 m - a scroll of enchant armour {unknown}
 u - a scroll of magic mapping
 A - 2 scrolls of brand weapon
Potions
 c - 3 potions of attraction
 z - a potion of berserk rage {unknown}
 E - a potion of lignification {unknown}


   Skills:
 + Level 1.8 Fighting
 + Level 3.6 Short Blades
 + Level 5.2 Throwing
 + Level 5.1 Dodging
 + Level 7.4 Stealth
 + Level 11.8 Spellcasting
 + Level 9.2 Conjurations
 + Level 4.0 Hexes
 + Level 3.0 Translocations


You had 18 spell levels left.
You knew the following spells:

 Your Spells              Type           Power      Damage    Failure   Level
a - Magic Dart            Conj           100%       1d8       1%          1
b - Searing Ray           Conj           100%       2d8       1%          2
c - Dazzling Flash        Conj/Hex       80%        N/A       1%          3
d - Iskenderun's Mystic   Conj/Tloc      38%        2d9       4%          4
e - Fulminant Prism       Conj/Hex       20%        3d13      3%          4

Your spell library contained the following spells:

 Spells                   Type           Power      Damage    Failure   Level
 Foxfire                  Conj/Fire      100%       2x1d9     1%          1
 Animate Armour           Summ/Erth      24%        N/A       47%         4
 Iron Shot                Conj/Erth      15%        9d4       77%         6
 Blade Hands              Tmut           6%         N/A       83%         5


Dungeon Overview and Level Annotations

Branches:
Dungeon (9/15)             Temple (1/1) D:6
   Lair: D:8-11         Orc: D:9-12

Altars:
Ashenzari
Cheibriados
Dithmenos
Elyvilon
Fedhas
Gozag
Hepliaklqana
Kikubaaqudgha
Nemelex Xobeh
Okawaru
Qazlal
Ru
Sif Muna
Trog
Uskayaw
Vehumet
Wu Jian
Xom
Yredelemnul
Zin
The Shining One

Shops:
D:2 ?

Portals:
Bailey: D:9


Message History

You kill the killer bee!
Vehumet accepts your kill.
The mystic blast hits the troll!
The troll is severely wounded.
You feel sick. The troll barely misses you. The troll closely misses you.
The troll completely misses you.
Casting: Iskenderun's Mystic Blast (dangerous; 4% risk of failure)
Confirm with . or Enter, or press ? or * to list all spells.
You erupt in a blast of force!
The mystic blast hits the troll!
The troll is almost dead.
The troll is knocked back by the mystic blast.
You feel sick.
An orc comes into view. It is wielding a +0 short sword.
You feel better.
You hear some strange, mumbled words.
Something tries to affect you, but you resist.
An orc warrior comes into view. It is wielding a +0 dire flail.
You feel mightier all of a sudden. The troll barely misses you.
The troll claws you! The troll closely misses you.
The orc hits you with a +0 short sword.
* * * LOW HITPOINT WARNING * * *
As you read the scroll labelled FONKUTIYCO, it crumbles to dust.
Your body is wracked with pain!
* * * LOW HITPOINT WARNING * * *
The orc convulses!
The troll convulses!
The orc warrior convulses!
It was a scroll of torment.
The troll closely misses you. The troll misses you.
The troll barely misses you. The orc completely misses you.
An orc comes into view. It is wielding a +0 dagger.
Casting: Iskenderun's Mystic Blast (dangerous; 4% risk of failure)
Confirm with . or Enter, or press ? or * to list all spells.
Okay, then.
Okay, then.
The air fills with toxic fumes!
As you read the scroll labelled MABREONUITT, it crumbles to dust.
It was a scroll of poison.
The troll misses you. x2
The troll barely misses you. The orc closely misses you.
As you read the scroll of immolation, it crumbles to dust.
The creatures around you are filled with an inner flame!
The troll bites you!
You die...

. ..# ##..###...# #... ..
# #.##§# #..#{#.# #.#.
##.#§ .§§§ ##..##.# #.
....§###§#####K#####.# #.
##...§§§§§..T............
......§§§§.##..?.........
##....o{#.##.###########
######T#>./.# #@#.####
#o#.# o§#.# ####.# #.#


You could see a troll (inner flame), an orc warrior (inner flame) and 2 orcs.

Vanquished Creatures
  A two-headed ogre (D:9)
  A centaur warrior (D:9)
  Joseph (D:7)
  Prince Ribbit (D:5)
  Sigmund (D:2)
  A wyvern (D:9)
  3 steam dragons
  Edmund (D:5)
  2 water moccasins (D:6)
  4 ice beasts
  2 black bears
  3 sky beasts
  An orc warrior (D:7)
  An ogre (D:6)
  3 centaurs
  3 kobold brigands
  2 bullfrogs (D:7)
  2 scorpions
  A water moccasin zombie (D:4)
  A necrophage (D:4)
  4 wights (D:5)
  5 killer bees
  2 howler monkeys
  A jelly (D:6)
  An orc priest (D:3)
  Terence (D:2)
  Jessica (D:2)
  Ijyb (D:3)
  3 iguanas
  2 scorpion zombies (D:4)
  3 orc wizards
  A hound zombie (D:4)
  8 gnolls
  5 adders
  A white imp (D:8)
  An adder zombie (D:4)
  2 worms
  4 dart slugs
  26 orcs
  8 bats
  9 endoplasms
  3 giant cockroaches
  6 hobgoblins
  2 jackals (D:1)
  24 kobolds
  4 quokkas
  13 ball pythons
  2 frilled lizards (D:1)
  7 goblins
  7 rats
  3 fulminant prisms
195 creatures vanquished.

Vanquished Creatures (others)
  34 fulminant prisms
34 creatures vanquished.

Grand Total: 229 creatures vanquished

Notes
Turn   | Place    | Note
-------+----------+-------------------------------------------
     0 | D:1      | JacoesBerries the Deep Elf Conjurer began the quest for the
                  | Orb.
     0 | D:1      | Reached XP level 1. HP: 10/10 MP: 6/6
   243 | D:1      | Reached XP level 2. HP: 15/15 MP: 6/8
   409 | D:1      | Reached skill level 5 in Conjurations
   838 | D:1      | Reached XP level 3. HP: 19/19 MP: 7/9
   865 | D:1      | Found a faded altar of an unknown god.
  1123 | D:2      | Noticed Terence
  1127 | D:2      | Learned a level 2 spell: Searing Ray
  1131 | D:2      | Learned a level 3 spell: Dazzling Flash
  1134 | D:2      | Noticed Sigmund
  1139 | D:2      | Killed Terence
  1414 | D:2      | Noticed a scorpion
  1420 | D:2      | Killed a scorpion
  1421 | D:2      | Reached skill level 4 in Spellcasting
  1421 | D:2      | Reached XP level 4. HP: 22/24 MP: 7/12
  1747 | D:2      | Reached XP level 5. HP: 28/28 MP: 13/13
  1863 | D:2      | Found Vias's Magic Scroll Boutique.
  1871 | D:2      | Bought a scroll of identify for 20 gold pieces
  1871 | D:2      | Bought a scroll of identify for 20 gold pieces
  1871 | D:2      | Bought a scroll of identify for 20 gold pieces
  2080 | D:2      | Noticed Jessica
  2087 | D:2      | Killed Jessica
  2605 | D:2      | Killed Sigmund
  2606 | D:2      | Reached skill level 1 in Throwing
  2606 | D:2      | Reached skill level 5 in Spellcasting
  2606 | D:2      | Reached XP level 6. HP: 32/32 MP: 12/16
  2973 | D:3      | Noticed Ijyb
  2981 | D:3      | Killed Ijyb
  3001 | D:3      | Reached skill level 6 in Spellcasting
  3721 | D:3      | Learned a level 4 spell: Iskenderun's Mystic Blast
  3863 | D:3      | Upgraded the game from 0.29.1-13-g9f3cf754e1 to
                  | 0.29.1-15-g9cfb28693d
  4099 | D:3      | Identified a scroll of acquirement
  4238 | D:4      | Learned a level 4 spell: Fulminant Prism
  4248 | D:4      | Reached skill level 1 in Short Blades
  4248 | D:4      | Reached XP level 7. HP: 32/36 MP: 5/18
  4658 | D:4      | Found a basalt altar of Yredelemnul.
  4726 | D:5      | Entered Level 5 of the Dungeon
  4801 | D:4      | Found a white marble altar of Elyvilon.
  5071 | D:4      | Reached skill level 7 in Spellcasting
  5395 | D:4      | Found a stormy altar of Qazlal.
  5395 | D:4      | Found a broken altar of Ashenzari.
  5948 | D:5      | Reached skill level 1 in Fighting
  5948 | D:5      | Reached skill level 1 in Hexes
  6056 | D:5      | Noticed Prince Ribbit
  6064 | D:5      | Killed Prince Ribbit
  6065 | D:5      | Reached XP level 8. HP: 40/43 MP: 15/21
  6187 | D:5      | Reached skill level 8 in Spellcasting
  6361 | D:5      | Acquired 867 gold pieces
  6607 | D:5      | Reached skill level 5 in Stealth
  7156 | D:5      | Noticed Edmund
  7188 | D:5      | Killed Edmund
  7509 | D:6      | Reached skill level 1 in Translocations
  8029 | D:6      | Reached skill level 9 in Spellcasting
  8070 | D:6      | Reached XP level 9. HP: 48/48 MP: 9/24
  9013 | D:6      | Found a staircase to the Ecumenical Temple.
  9368 | Temple   | Entered the Ecumenical Temple
  9503 | Temple   | Became a worshipper of Sif Muna the Loreminder
  9561 | Temple   | Fell from the grace of Sif Muna
  9561 | Temple   | Became a worshipper of Vehumet
  9716 | D:7      | Found a sparkling altar of Nemelex Xobeh.
  9718 | D:7      | Found a bloodstained altar of Trog.
  9839 | D:7      | Found a shimmering altar of Xom.
  9841 | D:7      | Found a hazy altar of Hepliaklqana.
  9847 | D:7      | Found an opulent altar of Gozag.
  9847 | D:7      | Found a glowing golden altar of the Shining One.
 10120 | D:7      | Reached skill level 10 in Spellcasting
 10789 | D:7      | Noticed Joseph
 10807 | D:7      | Killed Joseph
 11028 | D:7      | Reached * piety under Vehumet
 11028 | D:7      | Offered knowledge of Foxfire by Vehumet.
 12061 | D:8      | Reached skill level 11 in Spellcasting
 12061 | D:8      | Reached XP level 10. HP: 28/53 MP: 21/27
 12874 | D:8      | Found a snail-covered altar of Cheibriados.
 12970 | D:9      | Noticed a centaur warrior
 12984 | D:9      | Killed a centaur warrior
 12985 | D:9      | Reached skill level 5 in Dodging
 13059 | D:9      | Found a flagged portal.
 13059 | D:9      | Noticed a two-headed ogre
 13071 | D:9      | Reached skill level 5 in Throwing
 13071 | D:9      | Killed a two-headed ogre
 13078 | D:9      | Paralysed by a hornet for 3 turns
 13617 | D:9      | Slain by a troll

Illustrated notes

Levels and vault maps discovered:
D:1:      onia_arrival_handbag, layout_basic, ebering_ecumenical_altar_ruins
D:2:      wander_river, layout_basic, serial_shops, nicolae_shop_statue_plus,
          uniq_sigmund, uniq_terence, uniq_jessica
D:3:      layout_basic, chequers_jeans, uniq_ijyb
D:4:      nicolae_cairo_tiling_very_big, layout_cave_pods, lemuel_doored_altar,
          gammafunk_temple_overflow_pools, nicolae_yredelemnul_corpse_copse
D:5:      layout_gridville, chequers_serial_rivers_micro_a, uniq_edmund,
          uniq_prince_ribbit1
D:6:      layout_loops_ring, temple_green
D:7:      layout_basic, nicolae_overflow_quartered_altars,
          chequers_temple_overflow_statue_of_worship, enter_ossuary_1,
          uniq_joseph
D:8:      layout_cave_pools, slow_altar_2, minivault_25
D:9:      minmay_the_grid_square_5x5_3x3 [minmay_the_grid_square_5x5_n,
          minmay_the_grid_square_5x5_seven, minmay_the_grid_square_5x5_c,
          minmay_the_grid_square_5x5_spiral,
          minmay_the_grid_square_5x5_megaprize_checkered,
          minmay_the_grid_square_5x5_hourglass,
          minmay_the_grid_square_5x5_two_small,
          minmay_the_grid_square_5x5_six_small,
          minmay_the_grid_square_5x5_spiral_small], layout_basic, david_orc_5,
          enter_bailey_5
Temple:   grunt_temple_mini_profane

Skill      XL: |  1  2  3  4  5  6  7  8  9 10 |
---------------+-------------------------------+-----
Conjurations   | 5 6 7 8 9 |  9.2
Stealth        | 3 4 5 7 |  7.4
Spellcasting   | 4 5 6 7 9 11 | 11.8
Dodging        | 3 4 5 |  5.1
Throwing       | 1 2 4 5 |  5.2
Short Blades   | 1 2 3 |  3.6
Fighting       | 1 |  1.8
Hexes          | 1 2 3 4 |  4.0
Translocations | 1 2 3 |  3.0

Action                   |  1- 3 |  4- 6 |  7- 9 | 10-12 || total
-------------------------+-------+-------+-------+-------++-------
Melee: Dagger            |     1 |       |       |       ||     1
       Short sword       |       |    29 |    32 |     3 ||    64
       Punch             |       |       |     1 |       ||     1
Throw: Dart              |     3 |     6 |    38 |     7 ||    54
       Boomerang         |       |       |     1 |       ||     1
 Cast: Magic Dart        |    53 |    15 |     8 |       ||    76
       Searing Ray       |     3 |    18 |    40 |     7 ||    68
       Dazzling Flash    |       |     4 |     5 |       ||     9
       Fulminant Prism   |       |     1 |    26 |    10 ||    37
       Iskenderun's Myst |       |       |    25 |    10 ||    35
  Use: Scroll            |     3 |     4 |     2 |     7 ||    16
       Potion            |       |     1 |     5 |    12 ||    18
 Stab: Sleeping          |       |     4 |     6 |     1 ||    11
       Invisible         |       |       |     3 |       ||     3
Armor: Robe              |     2 |    16 |     7 |       ||    25
       Steam dragon scal |       |       |     9 |     5 ||    14
Dodge: Dodged            |     5 |    31 |    56 |    42 ||   134
